 Dungeon Crawl Stone Soup version 0.21.1-1-g345015f (webtiles) character file.

4260 Kairos the Magician (level 10, -4/77 HPs)
             Began as a Gnoll Skald on Mar 24, 2018.
             Was a Priest of Cheibriados.
             Slain by a yak (14 damage)
             ... on level 8 of the Dungeon.
             The game lasted 00:26:03 (9562 turns).

Kairos the Magician (Gnoll Skald)                   Turns: 9562, Time: 00:26:03

Health: -4/77      AC: 15    Str: 23    XL:     10   Next: 31%
Magic:  14/20      EV: 18    Int: 23    God:    Cheibriados [***...]
Gold:   563        SH:  0    Dex: 22    Spells: 12/23 levels left

rFire    . . .     SeeInvis .   C - +0 morningstar (protect)
rCold    . . .     Gourm    .   (no shield)
rNeg     + . .     Faith    .   b - +0 leather armour
rPois    .         Spirit   .   D - +0 helmet
rElec    .         Reflect  .   w - +0 cloak
rCorr    .         Harm     .   x - +0 pair of gloves
MR       .....                  E - +0 pair of boots
Stlth    ++++......             (no amulet)
HPRegen  1.22/turn              h - ring of positive energy
MPRegen  0.17/turn              p - ring of stealth

@: protection aura, regenerating, very slow
A: distributed training, fangs 1, strong nose
a: Bend Time, Temporal Distortion, Renounce Religion


You were on level 8 of the Dungeon.
You worshipped Cheibriados.
Cheibriados was most pleased with you.
You were hungry.

You visited 3 branches of the dungeon, and saw 10 of its levels.

You collected 563 gold pieces.

Inventory:

Hand Weapons
 a - a +0 mace
 t - a +2 flail of crushing
 A - a +0 war axe
 C - a +0 morningstar of protection (weapon)
Armour
 b - a +0 leather armour (worn)
 w - a +0 cloak (worn)
 x - a +0 pair of gloves (worn)
 D - a +0 helmet (worn)
 E - a +0 pair of boots (worn)
Jewellery
 h - a ring of positive energy (left hand)
 p - a ring of stealth (right hand)
Wands
 j - a wand of scattershot (5)
 v - a wand of polymorph (15)
 B - a wand of acid (9)
Scrolls
 e - 3 scrolls of magic mapping
 f - 3 scrolls of teleportation
 q - 3 scrolls of remove curse
 r - a scroll of amnesia {unknown}
 y - a scroll of blinking {unknown}
 z - 2 scrolls of fear
 F - a scroll of enchant armour {unknown}
 G - 2 scrolls of fog {unknown}
 J - a scroll of noise {unknown}
Potions
 i - a potion of berserk rage {unknown}
 k - 3 potions of curing
 l - 2 potions of ambrosia
 m - a potion of flight {unknown}
 n - 2 potions of might
 o - a potion of mutation {unknown}
 s - 2 potions of brilliance {unknown}
 u - 2 potions of lignification {unknown}
Books
 c - a book of Battle

   Spells                             Type                      Level
   a - Infusion                       Charms                       1
   b - Shroud of Golubria             Charms/Translocation         2
   c - Song of Slaying                Charms                       2
   d - Spectral Weapon                Hexes/Charms                 3
   e - Regeneration                   Charms/Necromancy            3
 g - a book of Death

   Spells                             Type                      Level
   a - Corpse Rot                     Necromancy                   2
   b - Sublimation of Blood           Necromancy                   2
   c - Agony                          Necromancy                   5
   d - Dispel Undead                  Necromancy                   5
   e - Excruciating Wounds            Charms/Necromancy            5
   f - Bolt of Draining               Conjuration/Necromancy       5
 H - a book of Changes

   Spells                             Type                      Level
   a - Beastly Appendage              Transmutation                1
   b - Sticks to Snakes               Transmutation                2
   c - Spider Form                    Transmutation/Poison         3
   d - Ice Form                       Ice/Transmutation            4
   e - Blade Hands                    Transmutation                5
 I - a book of Callings

   Spells                             Type                      Level
   a - Summon Small Mammal            Summoning                    1
   b - Call Imp                       Summoning                    2
   c - Call Canine Familiar           Summoning                    3
   d - Summon Guardian Golem          Hexes/Summoning              3
   e - Summon Lightning Spire         Summoning/Air                4
   f - Summon Ice Beast               Ice/Summoning                4
 K - a book of Changes

   Spells                             Type                      Level
   a - Beastly Appendage              Transmutation                1
   b - Sticks to Snakes               Transmutation                2
   c - Spider Form                    Transmutation/Poison         3
   d - Ice Form                       Ice/Transmutation            4
   e - Blade Hands                    Transmutation                5
Comestibles
 d - 15 rations


   Skills:
 + Level 6.9 Fighting
 + Level 5.0 Short Blades
 + Level 5.0 Long Blades
 + Level 5.0 Axes
 + Level 6.9 Maces & Flails
 + Level 5.0 Polearms
 + Level 5.0 Staves
 + Level 5.0 Slings
 + Level 5.0 Bows
 + Level 5.0 Crossbows
 + Level 5.0 Throwing
 + Level 5.7 Armour
 + Level 6.9 Dodging
 + Level 5.0 Stealth
 + Level 5.0 Shields
 + Level 5.0 Unarmed Combat
 + Level 7.2 Spellcasting
 + Level 4.2 Conjurations
 + Level 4.2 Hexes
 + Level 7.0 Charms
 + Level 4.2 Summonings
 + Level 4.2 Necromancy
 + Level 4.2 Translocations
 + Level 4.2 Transmutations
 + Level 4.2 Fire Magic
 + Level 4.2 Ice Magic
 + Level 4.2 Air Magic
 + Level 4.2 Earth Magic
 + Level 4.2 Poison Magic
 + Level 5.5 Invocations
 + Level 5.0 Evocations


You had 12 spell levels left.
You knew the following spells:

 Your Spells              Type           Power        Failure   Level  Hunger
a - Infusion              Chrm           ####         1%          1    None
b - Shroud of Golubria    Chrm/Tloc      ####......   1%          2    None
c - Regeneration          Chrm/Necr      ####......   2%          3    None
d - Song of Slaying       Chrm           #####...     1%          2    None
e - Spectral Weapon       Hex/Chrm       ####....     2%          3    None


Dungeon Overview and Level Annotations

Branches:
Dungeon (8/15)             Temple (1/1) D:5            Lair (1/6) D:8

Altars:
Ashenzari
Cheibriados
Dithmenos
Elyvilon
Fedhas
Gozag
Hepliaklqana
Kikubaaqudgha
Makhleb
Nemelex Xobeh
Okawaru
Qazlal
Ru
Sif Muna
Trog
Uskayaw
Vehumet
Wu Jian
Xom
Yredelemnul
Zin
The Shining One

Shops:
D:4 *


Innate Abilities, Weirdness & Mutations

Your experience applies equally to all skills.
You have very sharp teeth.
Your uncanny sense of smell can sniff out nearby items.


Message History

Your weapon exudes an aura of protection.
The yak is lightly wounded.
The yak closely misses you.
You hit the yak.
The yak is moderately wounded.
The yak misses you.
You barely miss the yak.
The yak is moderately wounded.
The yak gores you but does no damage.
You hit the yak but do no damage. You punch the yak.
The yak is moderately wounded.
The yak gores you.
* * * LOW HITPOINT WARNING * * *
You sock the yak!
The yak is heavily wounded.
The yak misses you. The yak completely misses you.
You hit the yak but do no damage.
The yak is heavily wounded.
The yak gores you!
You die...

##..... ##......
#....... #######
#....... #.....#
#....... #..(..#
#.......
#.....###########.......
#.....................†.
#
#......@Y.########......
##### #.........#
##..... ....#
#.........# ###.## ###.#
#.###...#.# #..## #>#
#.###.###.# ###)### #.##
#.##..# #.# #)))# # #
#..# ###.##.## #.#
#.##### ####.# #...##.#
#<# ##.##...
.###.###......#
#.#######..#)...


You could see a yak.

Vanquished Creatures
  A spiny frog (Lair:1)
  Prince Ribbit (D:5)
  The ghost of Gurps the Covered, an amateur GrFi (D:4)
  5 yaks (Lair:1)
  A porcupine (Lair:1)
  An ice beast (D:8)
  A water moccasin (Lair:1)
  2 orc warriors
  2 phantoms
  4 ogres
  A centaur (D:5)
  2 crocodiles (Lair:1)
  A bullfrog (D:8)
  Blork the orc (D:4)
  A gnoll sergeant (D:8)
  2 jellies
  A scorpion (D:7)
  5 killer bees (D:6)
  4 wights (D:6)
  A crimson imp (D:8)
  A bullfrog skeleton (D:7)
  5 hounds
  3 orc priests
  Crazy Yiuf (D:5)
  6 orc wizards
  2 centaur skeletons
  2 iguanas (D:6)
  5 worker ants
  A howler monkey zombie (D:6)
  6 gnolls
  13 adders
  A shadow imp (D:6)
  2 adder skeletons
  A worm (D:2)
  A dart slug (D:3)
  5 leopard geckos
  25 orcs
  4 giant cockroaches
  6 goblins
  6 hobgoblins
  3 jackals
  4 quokkas
  A ball python (D:3)
  11 bats
  A frilled lizard (D:2)
  A jackal zombie (D:5)
  5 kobolds
  A quokka skeleton (D:5)
  2 quokka zombies (D:7)
  9 rats
172 creatures vanquished.

Vanquished Creatures (others)
  A fungus (Lair:1)
1 creature vanquished.

Grand Total: 173 creatures vanquished

Notes
Turn   | Place    | Note
-------+----------+-------------------------------------------
     0 | D:1      | Kairos the Gnoll Skald began the quest for the Orb.
     0 | D:1      | Reached XP level 1. HP: 20/20 MP: 6/6
   141 | D:1      | Reached XP level 2. HP: 21/26 MP: 7/7
   664 | D:2      | Reached XP level 3. HP: 31/31 MP: 9/9
   667 | D:2      | Reached skill level 5 in Spellcasting
   728 | D:2      | Reached skill level 1 in Invocations
   799 | D:2      | Reached skill level 1 in Short Blades
   799 | D:2      | Reached skill level 1 in Long Blades
   799 | D:2      | Reached skill level 1 in Axes
   799 | D:2      | Reached skill level 1 in Polearms
   799 | D:2      | Reached skill level 1 in Staves
   799 | D:2      | Reached skill level 1 in Slings
   799 | D:2      | Reached skill level 1 in Bows
   799 | D:2      | Reached skill level 1 in Crossbows
   799 | D:2      | Reached skill level 1 in Throwing
   799 | D:2      | Reached skill level 1 in Stealth
   799 | D:2      | Reached skill level 1 in Shields
   799 | D:2      | Reached skill level 1 in Unarmed Combat
   799 | D:2      | Reached skill level 1 in Evocations
   828 | D:2      | Reached XP level 4. HP: 37/38 MP: 4/11
  1110 | D:2      | You fall through a shaft!
  1415 | D:3      | Reached skill level 1 in Conjurations
  1415 | D:3      | Reached skill level 1 in Hexes
  1415 | D:3      | Reached skill level 1 in Summonings
  1415 | D:3      | Reached skill level 1 in Necromancy
  1415 | D:3      | Reached skill level 1 in Translocations
  1415 | D:3      | Reached skill level 1 in Transmutations
  1415 | D:3      | Reached skill level 1 in Fire Magic
  1415 | D:3      | Reached skill level 1 in Ice Magic
  1415 | D:3      | Reached skill level 1 in Air Magic
  1415 | D:3      | Reached skill level 1 in Earth Magic
  1415 | D:3      | Reached skill level 1 in Poison Magic
  1480 | D:3      | Found a hide-covered altar of Uskayaw.
  1484 | D:3      | Noticed a hand axe
  1484 | D:3      | Noticed a hand axe
  1605 | D:3      | Reached XP level 5. HP: 33/43 MP: 12/12
  1908 | D:4      | Found Acestril's General Store.
  1923 | D:4      | Noticed Gurps's ghost (amateur GrFi)
  1949 | D:4      | Noticed Blork the orc
  2470 | D:4      | Noticed a phantom
  2506 | D:4      | Killed a phantom
  2506 | D:4      | Reached XP level 6. HP: 8/50 MP: 8/14
  2879 | D:4      | Learned a level 2 spell: Shroud of Golubria
  2883 | D:4      | Learned a level 3 spell: Regeneration
  2886 | D:4      | Learned a level 2 spell: Song of Slaying
  2890 | D:4      | Learned a level 3 spell: Spectral Weapon
  2917 | D:4      | Reached skill level 5 in Fighting
  2917 | D:4      | Reached skill level 5 in Maces & Flails
  2917 | D:4      | Reached skill level 5 in Dodging
  3392 | D:4      | Found a sparkling altar of Nemelex Xobeh.
  3893 | D:4      | Killed Gurps's ghost
  3893 | D:4      | Reached XP level 7. HP: 40/56 MP: 9/15
  4173 | D:4      | Killed Blork the orc
  4215 | D:5      | Entered Level 5 of the Dungeon
  4271 | D:5      | Found a radiant altar of Vehumet.
  4516 | D:5      | Reached XP level 8. HP: 63/63 MP: 13/16
  4544 | D:5      | Noticed Prince Ribbit
  4555 | D:5      | Killed Prince Ribbit
  4800 | D:5      | Found a glowing silver altar of Zin.
  4837 | D:5      | Found a staircase to the Ecumenical Temple.
  4849 | Temple   | Entered the Ecumenical Temple
  5083 | Temple   | Became a worshipper of Cheibriados the Contemplative
  5133 | D:5      | Found a runed door.
  5242 | D:5      | Found a shimmering altar of Xom.
  5246 | D:5      | Found a shadowy altar of Dithmenos.
  5442 | D:5      | Noticed Crazy Yiuf
  5448 | D:5      | Killed Crazy Yiuf
  6159 | D:6      | Reached * piety under Cheibriados
  6172 | D:6      | Reached XP level 9. HP: 20/69 MP: 10/18
  6642 | D:6      | Found a shattered altar of Ashenzari.
  7154 | D:7      | Reached ** piety under Cheibriados
  7449 | D:7      | Found a glowing golden altar of the Shining One.
  7903 | D:7      | Found a deep blue altar of Sif Muna.
  7974 | D:8      | Reached skill level 5 in Armour
  8493 | D:8      | Found a staircase to the Lair.
  8655 | D:8      | Reached *** piety under Cheibriados
  8663 | D:8      | Reached skill level 5 in Invocations
  9080 | Lair:1   | Entered Level 1 of the Lair of Beasts
  9368 | Lair:1   | Reached XP level 10. HP: 77/77 MP: 20/20
  9377 | Lair:1   | Noticed a spiny frog
  9391 | Lair:1   | Killed a spiny frog
  9528 | Lair:1   | Reached skill level 5 in Short Blades
  9528 | Lair:1   | Reached skill level 5 in Long Blades
  9528 | Lair:1   | Reached skill level 5 in Axes
  9528 | Lair:1   | Reached skill level 5 in Polearms
  9528 | Lair:1   | Reached skill level 5 in Staves
  9528 | Lair:1   | Reached skill level 5 in Slings
  9528 | Lair:1   | Reached skill level 5 in Bows
  9528 | Lair:1   | Reached skill level 5 in Crossbows
  9528 | Lair:1   | Reached skill level 5 in Throwing
  9528 | Lair:1   | Reached skill level 5 in Stealth
  9528 | Lair:1   | Reached skill level 5 in Shields
  9528 | Lair:1   | Reached skill level 5 in Unarmed Combat
  9528 | Lair:1   | Reached skill level 5 in Evocations
  9553 | Lair:1   | HP: 2/77 [yak (2)]
  9562 | D:8      | Slain by a yak

Skill      XL: |  1  2  3  4  5  6  7  8  9 10 |
---------------+-------------------------------+-----
Spellcasting   | 5 6 7 |  7.2
Invocations    | 1 2 3 4 5 |  5.5
Short Blades   | 1 2 3 4 5 |  5.0
Long Blades    | 1 2 3 4 5 |  5.0
Axes           | 1 2 3 4 5 |  5.0
Polearms       | 1 2 3 4 5 |  5.0
Staves         | 1 2 3 4 5 |  5.0
Slings         | 1 2 3 4 5 |  5.0
Bows           | 1 2 3 4 5 |  5.0
Crossbows      | 1 2 3 4 5 |  5.0
Throwing       | 1 2 3 4 5 |  5.0
Stealth        | 1 2 3 4 5 |  5.0
Shields        | 1 2 3 4 5 |  5.0
Unarmed Combat | 1 2 3 4 5 |  5.0
Evocations     | 1 2 3 4 5 |  5.0
Conjurations   | 1 2 3 4 |  4.2
Hexes          | 1 2 3 4 |  4.2
Summonings     | 1 2 3 4 |  4.2
Necromancy     | 1 2 3 4 |  4.2
Translocations | 1 2 3 4 |  4.2
Transmutations | 1 2 3 4 |  4.2
Fire Magic     | 1 2 3 4 |  4.2
Ice Magic      | 1 2 3 4 |  4.2
Air Magic      | 1 2 3 4 |  4.2
Earth Magic    | 1 2 3 4 |  4.2
Poison Magic   | 1 2 3 4 |  4.2
Armour         | 3 4 5 |  5.7
Fighting       | 5 6 |  6.9
Maces & Flails | 5 6 |  6.9
Dodging        | 5 6 |  6.9
Charms         | 6 7 |  7.0

Action                   |  1- 3 |  4- 6 |  7- 9 | 10-12 || total
-------------------------+-------+-------+-------+-------++-------
Melee: Mace              |    36 |       |       |       ||    36
       Bite              |     9 |     9 |    52 |    18 ||    88
       Short sword       |    44 |   185 |       |       ||   229
       Morningstar       |       |    21 |   396 |    48 ||   465
       Punch             |       |     1 |     4 |     2 ||     7
 Cast: Infusion          |     2 |     6 |     8 |       ||    16
       Shroud of Golubri |       |     3 |    14 |     4 ||    21
       Regeneration      |       |     1 |    19 |     4 ||    24
  Use: Scroll            |       |     6 |     3 |       ||     9
 Stab: Sleeping          |       |     4 |    10 |       ||    14
  Eat: Chunk             |       |     4 |     6 |       ||    10
       Ration            |       |     2 |     2 |       ||     4
Armor: Leather armour    |    20 |    36 |   142 |    21 ||   219
Dodge: Dodged            |    73 |   131 |   411 |    61 ||   676
